 Dungeon Crawl Stone Soup version 0.18.1-8-gdd0e5ea (webtiles) character file.

53 M4edhros the Sneak (level 3, 0/23 HPs)
             Began as an Octopode Artificer on June 8, 2016.
             Slain by a worker ant (6 damage)
             ... on level 4 of the Dungeon.
             The game lasted 00:01:05 (1156 turns).

M4edhros the Sneak (Octopode Artificer)             Turns: 1156, Time: 00:01:07

Health: 0/23       AC:  6    Str: 10    XL:     3   Next: 87%
Magic:  5/5        EV: 12    Int: 14    God:
Gold:   84         SH:  0    Dex: 13    Spells: 0 memorised, 2 levels left

rFire  . . .     SeeInvis .     p - +2 dagger (protect)
rCold  . . .     Gourm    .     (no shield)
rNeg   . . .     Faith    .     (helmet restricted)
rPois  .         Spirit   .     (no amulet)
rElec  .         Dismiss  .     (no ring)
rCorr  .         Reflect  .     (no ring)
SustAt .         Harm     .     (no ring)
MR     .....                    (no ring)
Stlth  ++++......               (no ring)
                                (no ring)
                                (no ring)
                                (no ring)

@: lethally poisoned (0 -> -9), not resistant to hostile enchantments, stealthy
A: almost no armour, amphibious, 8 rings, constrict 8, camouflage 1, gelatinous
body 1
a: no special abilities


You were on level 4 of the Dungeon.
You were hungry.

You visited 1 branch of the dungeon, and saw 4 of its levels.

You collected 84 gold pieces.

Inventory:

Hand Weapons
 a - a +0 short sword
 p - a +2 dagger of protection (weapon)
Missiles
 g - 7 curare-tipped needles
Wands
 b - a wand of flame (12/48)
 c - a wand of enslavement (14/24)
 d - a wand of random effects (15/48)
Scrolls
 e - 2 scrolls of enchant weapon {unknown}
 i - a scroll of random uselessness {unknown}
 m - 2 scrolls of amnesia {unknown}
 n - a scroll of identify {unknown}
Potions
 h - a potion of curing {unknown}
 j - a potion of agility {unknown}
 k - a potion of brilliance {unknown}
 o - a potion of ambrosia {unknown}
Comestibles
 f - a bread ration
 l - a meat ration


   Skills:
 - Level 1.0 Fighting
 - Level 1.0 Short Blades
 - Level 2.0 Dodging
 + Level 5.2 Stealth
 - Level 3.2 Evocations


You had 2 spell levels left.
You didn't know any spells.

Dungeon Overview and Level Annotations

Branches:
Dungeon (4/15)
 Temple: D:4-7

Altars:


Innate Abilities, Weirdness & Mutations

You cannot wear most types of armour.
You are amphibious.
You can wear up to eight rings at the same time.
You can use your tentacles to constrict eight enemies at once.
Your skin changes colour to match your surroundings (Stealth).
Your rubbery body absorbs attacks (AC +1).


Message History

You constrict the worker ant. The worker ant bites you!
You are lethally poisoned!
The worker ant poisons you!
You are too injured to fight recklessly!
You hit the worker ant but do no damage.
The worker ant is heavily wounded.
You constrict the worker ant, but do no damage.
You feel sick. The worker ant misses you.
You are too injured to fight recklessly!
Evoke which item? (* to show all) (? for menu, Esc to quit)
Zapping:
b - a wand of flame (13/48)
Press: ? - help, Shift-Dir - straight line, f - worker ant
Aim: a worker ant (heavily wounded, constricted by you)
The puff of flame hits the worker ant.
The worker ant is almost dead.
This wand has 12 charges left.
You constrict the worker ant, but do no damage.
* * * LOW HITPOINT WARNING * * *
You feel sick. The worker ant bites you.
You die...

#..>.....###. #.. #.........##.
###..######.......#....
#.........#.......####.
##.........#.........##.
#..........#.......#.##.
...........#.......#....
#...................... #...
#....a@..%######..####. #...#
#.........# #..###. #...#
#.........# ##.##.. #...#
#.........# ##.....#
#...############# ####..##..#
#........#########....####.#
######...........................
........<.....######..##########.
######.#####....##..#######.....


You could see a worker ant.

Vanquished Creatures
  2 gnolls (D:3)
  An adder (D:3)
  3 bats
  2 giant cockroaches
  2 goblins (D:1)
  3 hobgoblins
  3 jackals (D:1)
  A giant newt (D:1)
  5 kobolds
  5 rats (D:1)
27 creatures vanquished.

Vanquished Creatures (others)
  A gnoll (D:3)
1 creature vanquished.

Grand Total: 28 creatures vanquished

Notes
Turn   | Place    | Note
--------------------------------------------------------------
     0 | D:1      | M4edhros the Octopode Artificer began the quest for the Orb.
     0 | D:1      | Reached XP level 1. HP: 13/13 MP: 3/3
    12 | D:1      | Reached skill level 2 in Stealth
    21 | D:1      | Reached XP level 2. HP: 8/18 MP: 4/4
    26 | D:1      | Reached skill level 3 in Stealth
   417 | D:2      | Reached skill level 4 in Stealth
   530 | D:3      | Reached XP level 3. HP: 21/23 MP: 5/5
   770 | D:3      | Reached skill level 5 in Stealth
  1156 | D:4      | Slain by a worker ant

Skill      XL: |  1  2  3 |
---------------+----------+-----
Stealth        | 2 4 5 |  5.2
Fighting       | |  1.0
Short Blades   | |  1.0
Dodging        | |  2.0
Evocations     | |  3.2

Action                   || total
-------------------------++-------
Melee: Short sword       ||    40
       Constrict         ||    10
       Tentacles         ||     4
       Dagger            ||     5
Evoke: Wand              ||     4
 Stab: Sleeping          ||    11
Armor: Skin              ||     2
Dodge: Dodged            ||    22
